 Dungeon Crawl Stone Soup version 0.24-a0-769-g368c1644f8 (webtiles) character file.

Game seed: 11004463622003496813, levelgen mode: deterministic

2509 Masnef the Cudgeler (level 9, -4/81 HPs)
             Began as a Kobold Fighter on Oct 4, 2019.
             Was a Believer of Okawaru.
             Slain by a killer bee (7 damage)
             ... on level 9 of the Dungeon.
             The game lasted 00:15:15 (9300 turns).

Masnef the Cudgeler (Kobold Fighter)                Turns: 9300, Time: 00:15:16

Health: -4/81      AC:  9    Str: 21    XL:     9   Next: 83%
Magic:  11/11      EV: 12    Int: 10    God:    Okawaru [**....]
Gold:   315        SH: 10    Dex: 14    Spells: 8/8 levels left

rFire    . . .     SeeInvis +   a - +0 flail
rCold    . . .     Gourm    .   c - +0 shield
rNeg     . . .     Faith    .   b - +1 scale mail
rPois    .         Spirit   .   (no helmet)
rElec    .         Reflect  .   G - +0 cloak
rCorr    .         Harm     .   (no gloves)
MR       .....     Rnd*Tele +   (no boots)
Stlth    ..........             I - amulet of rage
HPRegen  0.23/turn              q - ring of see invisible
MPRegen  0.12/turn              v - ring of teleportation (curse)

@: berserking (expiring), lethally poisoned (-4 -> -14), very quick
A: small, carnivore
a: Heroism, Renounce Religion, Evoke Berserk Rage


You were on level 9 of the Dungeon.
You worshipped Okawaru.
Okawaru was pleased with you.
You were very full.

You visited 1 branch of the dungeon, and saw 9 of its levels.

You collected 315 gold pieces.

Inventory:

Hand Weapons
 a - a +0 flail (weapon)
 H - a +0 mace
 J - a +1 mace of holy wrath
Armour
 b - a +1 scale mail (worn)
 c - a +0 shield (worn)
 G - a +0 cloak (worn)
Jewellery
 q - a ring of see invisible (left hand)
 v - a cursed ring of teleportation (right hand)
 I - an amulet of rage (around neck)
Wands
 j - a wand of flame (31)
 s - a wand of random effects (6)
 t - a wand of iceblast (6)
 F - a wand of acid (7)
Scrolls
 e - 4 scrolls of identify
 g - 2 scrolls of remove curse
 i - 2 scrolls of immolation
 k - 4 scrolls of amnesia
 n - a scroll of enchant armour
 o - a scroll of noise {unknown}
 w - 2 scrolls of enchant weapon {unknown}
 x - a scroll of fog {unknown}
 y - a scroll of random uselessness {unknown}
 A - a scroll of magic mapping {unknown}
 B - 2 scrolls of brand weapon {unknown}
 E - a scroll of teleportation
Potions
 d - 2 potions of might
 h - a potion of haste
 l - 4 potions of heal wounds
 m - a potion of mutation
 p - 2 potions of brilliance
 r - a potion of agility
 u - a potion of curing
 z - a potion of degeneration {unknown}
 C - a potion of flight {unknown}
 D - 2 potions of lignification
Comestibles
 f - 17 rations
 K - 2 chunks of flesh


   Skills:
 * Level 5.4 Fighting
 + Level 7.1 Maces & Flails
 * Level 5.0 Armour
 * Level 4.3 Dodging
 * Level 4.7 Shields
 * Level 3.1 Invocations
 * Level 3.3 Evocations


You had 8 spell levels left.
You didn't know any spells.
Your spell library was empty.

Dungeon Overview and Level Annotations

Branches:
Dungeon (9/15)             Temple (0/1) D:6
   Lair: D:8-11         Orc: D:9-12

Altars:
Dithmenos
Fedhas
Gozag
Nemelex Xobeh
Okawaru
Qazlal
Sif Muna
Trog
Wu Jian
Xom
Zin
The Shining One


Innate Abilities, Weirdness & Mutations

You are small and have problems with some larger weapons.
You are carnivorous and can eat meat at any time.


Message History

The killer bee misses you. You block the killer bee's attack.
The killer bee stings you but does no damage.
You are too berserk!
You closely miss the killer bee.
The killer bee is severely wounded.
* * * LOW HITPOINT WARNING * * *
You feel sick. You block the killer bee's attack.
The killer bee closely misses you. The killer bee stings you.
* * * LOW HITPOINT WARNING * * *
The killer bee misses you. The killer bee closely misses you.
You miss the killer bee.
The killer bee is severely wounded.
* * * LOW HITPOINT WARNING * * *
You feel sick. The killer bee barely misses you. The killer bee misses you.
The killer bee closely misses you. You block the killer bee's attack.
The killer bee stings you but does no damage.
You block the killer bee's attack.
The killer bee stings you but does no damage.
The killer bee stings you!
You die...

.......# .#
####### .#
###.# #...#
#######...#
#.........#
#.....yy..#
#.....y@..#
#.....yy###
#.......#
#.......#
#....o..#
#........
###..(...#
#.....##
#.....+


You could see an orc warrior and 5 killer bees.

Vanquished Creatures
  A deep elf mage (D:8)
  2 ice beasts
  A centaur (D:5)
  A phantom (D:7)
  2 ogres
  4 bullfrogs
  A water moccasin skeleton (D:5)
  A scorpion (D:9)
  9 wights
  2 howler monkeys
  2 crimson imps
  A centaur zombie (D:6)
  2 hounds (D:4)
  4 orc wizards
  Crazy Yiuf (D:7)
  2 orc priests
  A bullfrog skeleton (D:4)
  Ijyb (D:4)
  An iguana (D:6)
  6 worker ants
  A howler monkey zombie (D:5)
  5 adders
  4 gnolls
  A howler monkey skeleton (D:5)
  A white imp (D:4)
  An ooze (D:2)
  An adder skeleton (D:4)
  3 worms
  3 dart slugs
  2 leopard geckos
  16 orcs
  A ball python (D:1)
  7 giant cockroaches
  8 goblins
  7 hobgoblins
  9 jackals
  A quokka (D:6)
  7 bats (D:1)
  5 frilled lizards
  2 goblin skeletons (D:4)
  A goblin zombie (D:4)
  A hobgoblin zombie (D:4)
  6 kobolds
  A kobold skeleton (D:4)
  An orc skeleton (D:4)
  An orc zombie (D:4)
  12 rats
153 creatures vanquished.

Vanquished Creatures (others)
  A goblin (D:1)
1 creature vanquished.

Grand Total: 154 creatures vanquished

Notes
Turn   | Place    | Note
-------+----------+-------------------------------------------
     0 | D:1      | Masnef the Kobold Fighter began the quest for the Orb.
     0 | D:1      | Reached XP level 1. HP: 14/14 MP: 1/1
    43 | D:1      | Reached skill level 2 in Maces & Flails
   215 | D:1      | Reached XP level 2. HP: 17/19 MP: 2/2
   360 | D:1      | Reached XP level 3. HP: 23/23 MP: 3/3
   386 | D:1      | Reached skill level 3 in Maces & Flails
  1067 | D:2      | Found an iron altar of Okawaru.
  1068 | D:2      | Found a glowing silver altar of Zin.
  1070 | D:2      | Found a shadowy altar of Dithmenos.
  1071 | D:2      | Found a bloodstained altar of Trog.
  1071 | D:2      | Found a blossoming altar of Fedhas.
  1072 | D:2      | Found a sparkling altar of Nemelex Xobeh.
  1073 | D:2      | Found a shimmering altar of Xom.
  1076 | D:2      | Became a worshipper of Warmaster Okawaru
  1110 | D:2      | Reached XP level 4. HP: 20/28 MP: 4/4
  1343 | D:2      | Reached skill level 4 in Maces & Flails
  1942 | D:2      | Reached XP level 5. HP: 25/32 MP: 5/5
  2692 | D:3      | Reached skill level 5 in Maces & Flails
  3043 | D:3      | Reached XP level 6. HP: 28/37 MP: 6/6
  3732 | D:4      | Found a stormy altar of Qazlal.
  3827 | D:4      | Reached * piety under Okawaru
  3899 | D:4      | Found a glowing golden altar of the Shining One.
  3986 | D:4      | Reached skill level 1 in Dodging
  4044 | D:4      | Reached XP level 7. HP: 38/41 MP: 7/7
  4153 | D:4      | Noticed Ijyb
  4165 | D:4      | Killed Ijyb
  4561 | D:5      | Entered Level 5 of the Dungeon
  4618 | D:5      | Reached ** piety under Okawaru
  4618 | D:5      | Reached skill level 6 in Maces & Flails
  4761 | D:5      | Reached XP level 8. HP: 12/48 MP: 5/8
  5537 | D:5      | Found an ornate altar of the Wu Jian Council.
  5831 | D:6      | Found a staircase to the Ecumenical Temple.
  6292 | D:6      | Reached skill level 1 in Evocations
  6328 | D:6      | Reached skill level 1 in Invocations
  6383 | D:6      | Found an opulent altar of Gozag.
  6802 | D:7      | Found an iron altar of Okawaru.
  7110 | D:7      | Reached XP level 9. HP: 19/52 MP: 7/10
  7844 | D:7      | Found a runed translucent door.
  7845 | D:7      | Noticed Crazy Yiuf
  8105 | D:7      | Killed Crazy Yiuf
  8238 | D:8      | Found a shimmering blue altar of Sif Muna.
  8548 | D:8      | Reached skill level 5 in Fighting
  8792 | D:8      | Noticed a deep elf mage
  8815 | D:8      | Killed a deep elf mage
  8815 | D:8      | Reached skill level 7 in Maces & Flails
  8815 | D:8      | Reached skill level 5 in Armour
  9299 | D:9      | HP: 4/81 [killer bee (1)]
  9300 | D:9      | Slain by a killer bee

Levels and vault maps discovered:
D:1:      shiori_shiawase, layout_basic, lemuel_old_faithful
D:2:      layout_loops_ring, grunt_temple_overflow_open, first_ration
D:3:      layout_rooms
D:4:      layout_loops_ring, grunt_qazlal_sundering, serial_glass,
          glass_columns_a, glass_columns_a, glass_columns_a, glass_columns_c,
          nicolae_tso_besieged_by_evil, uniq_ijyb
D:5:      layout_loops_ring, lemuel_doored_altar, hangedman_decor_peaks_small
D:6:      layout_basic, temple_statues, grunt_gozag_breadcrumbs
D:7:      layout_basic, okawaru_metal_pillars_1_2, uniq_crazy_yiuf_cottage
D:8:      layout_basic, kennysheep_mini_moat, kennysheep_just_a_vault
D:9:      layout_irregular_city, lemuel_round_altar, minmay_lair_entry_grove,
          serial_shops, nicolae_shop_behind_doors, grunt_pizzeria

Skill      XL: |  1  2  3  4  5  6  7  8  9 |
---------------+----------------------------+-----
Maces & Flails | 2 3 4 5 6 7 |  7.1
Dodging        | 1 2 3 4 |  4.3
Armour         | 3 4 5 |  5.0
Shields        | 3 4 |  4.7
Fighting       | 4 5 |  5.4
Evocations     | 1 3 |  3.3
Invocations    | 1 3 |  3.1

Action                   |  1- 3 |  4- 6 |  7- 9 || total
-------------------------+-------+-------+-------++-------
Melee: Flail             |   115 |   243 |   438 ||   796
Invok: Heroism           |       |       |    13 ||    13
 Abil: Evoke Berserk Rag |       |       |     2 ||     2
Evoke: Wand              |       |     2 |       ||     2
  Use: Scroll            |       |     1 |    12 ||    13
       Potion            |       |     1 |       ||     1
  Eat: Chunk             |     4 |    13 |    20 ||    37
Armor: Scale mail        |    53 |    82 |   106 ||   241
Dodge: Dodged            |    53 |    78 |   213 ||   344
Block: Shield            |    60 |   109 |   235 ||   404

Table legend:
 A = Non-vault XP
 B = Vault XP
 C = Vault XP percentage of total XP
 D = Non-vault monster count
 E = Vault monster count
 F = Vault count percentage of total count
                 A         B        C        D         E       F
            +---------+---------+-------+---------+---------+-------
      Total |    2928 |     657 |  18.3 |     142 |      11 |   7.2
            +---------+---------+-------+---------+---------+-------
        D:1 |      45 |       0 |   0.0 |      26 |       0 |   0.0
        D:2 |     130 |       0 |   0.0 |      27 |       0 |   0.0
        D:3 |     108 |       0 |   0.0 |      18 |       0 |   0.0
        D:4 |     384 |      53 |  12.1 |      17 |       9 |  34.6
        D:5 |     450 |       0 |   0.0 |       9 |       0 |   0.0
        D:6 |     386 |       0 |   0.0 |      15 |       0 |   0.0
        D:7 |     778 |      41 |   5.0 |      13 |       1 |   7.1
        D:8 |     451 |     563 |  55.5 |       8 |       1 |  11.1
        D:9 |     196 |       0 |   0.0 |       9 |       0 |   0.0
            +---------+---------+-------+---------+---------+-------
